 Dungeon Crawl Stone Soup version 0.30-a0-626-gd6a5dd7a1f (webtiles) character file.

Game seed: 16373182896256884897

359 Bnni the Vexing (level 6, -1/46 HPs)
             Began as a Formicid Hexslinger on Jan 11, 2023.
             Slain by an ufetubus (3 damage)
             ... on level 4 of the Dungeon.
             The game lasted 00:05:03 (2958 turns).

Bnni the Vexing (Formicid Hexslinger)               Turns: 2958, Time: 00:05:04

Health: -1/46      AC:  2    Str: 15    XL:     6   Next: 98%
Magic:  8/9        EV: 12    Int: 14    God:
Gold:   180        SH:  0    Dex: 20    Spells: 1/9 levels left

rFire   . . .      SeeInvis +    a - +1 sling
rCold   . . .      Faith    +    (no shield)
rNeg    . . .      Spirit   .    c - +0 robe
rPois   .          Reflect  .    (helmet unavailable)
rElec   .          Harm     .    (no cloak)
rCorr   .          Rampage  .    (no gloves)
Will    .....                    (no boots)
Stlth   ++                       t - amulet of faith
HPRegen 0.27/turn                e - +6 ring of dexterity
MPRegen 0.11/turn                (no ring)

@: no status effects
A: permanent stasis, dig shafts and tunnels, antennae 3, four strong arms
a: Dig, Shaft Self


You were on level 4 of the Dungeon.
You visited 1 branch of the dungeon, and saw 4 of its levels.

You collected 180 gold pieces.

Inventory:

Hand Weapons
 a - a +1 sling (weapon)
 u - a +0 dagger of venom
Missiles
 n - 9 poisoned darts
Armour
 c - a +0 robe (worn)
Jewellery
 e - a +6 ring of dexterity (left hand)
 t - an amulet of faith (around neck)
Scrolls
 b - 2 scrolls of poison
 f - a scroll of silence {unknown}
 g - a scroll of noise {unknown}
 h - a scroll of immolation {unknown}
 i - a scroll of amnesia {unknown}
 k - 2 scrolls of brand weapon {unknown}
 l - a scroll of blinking {unknown}
 m - a scroll of magic mapping {unknown}
 p - 2 scrolls of identify {unknown}
 r - a scroll of teleportation {unknown}
 v - a scroll of enchant armour {unknown}
Potions
 d - a potion of haste
 j - a potion of flight {unknown}
 o - a potion of berserk rage {unknown}
 q - 2 potions of heal wounds {unknown}
 s - a potion of invisibility {unknown}
 w - a potion of degeneration {unknown}


   Skills:
 + Level 2.6 Fighting
 * Level 3.7 Ranged Weapons
 - Level 1.7 Dodging
 + Level 2.4 Spellcasting
 * Level 5.3 Hexes
 - Level 3.0 Fire Magic


You had one spell level left.
You knew the following spells:

 Your Spells              Type           Power      Damage    Failure   Level
a - Slow                  Hex            64%        N/A       2%          1
b - Inner Flame           Hex/Fire       13%        N/A       12%         3
d - Cause Fear            Hex            8%         N/A       26%         4

Your spell library contained the following spells:

 Spells                   Type           Power      Damage    Failure   Level
 Summon Small Mammal      Summ           4%         N/A       22%         1
 Portal Projectile        Hex/Tloc       18%        N/A       22%         3
 Summon Guardian Golem    Hex/Summ       9%         N/A       22%         3
 Call Canine Familiar     Summ           1%         N/A       56%         3


Dungeon Overview and Level Annotations

Branches:
Dungeon (4/15)
 Temple: D:4-7

Altars:


Innate Abilities, Weirdness & Mutations

You cannot be hasted, slowed, berserked, paralysed or teleported.
You can dig through walls and to a lower floor.
You have a pair of large antennae on your head. (SInv)
Your four strong arms can wield two-handed weapons with a shield.


Message History

Aim: a hound (almost dead, 53% to hit)
You shoot a sling bullet.
The sling bullet hits the hound but does no damage.
The hound is almost dead.
The hound bites you.
The ufetubus barely misses you. x2; The hound bites you.
* * * LOW HITPOINT WARNING * * *
The ufetubus hits you but does no damage.
The ufetubus barely misses you.
Fire: a) +1 sling
Press: ? - help, Shift-Dir - straight line, f/p - hound
Aim: a hound (almost dead, 53% to hit)
You shoot a sling bullet. The sling bullet hits the hound.
You kill the hound!
The ufetubus barely misses you. The ufetubus misses you.
The ufetubus barely misses you. x2
Fire: a) +1 sling
Press: ? - help, Shift-Dir - straight line, f - ufetubus
Aim: an ufetubus (46% to hit)
You shoot a sling bullet. The sling bullet misses the ufetubus.
The ufetubus hits you but does no damage.
The ufetubus closely misses you. The ufetubus hits you.
* * * LOW HITPOINT WARNING * * *
The ufetubus hits you.
* * * LOW HITPOINT WARNING * * *
Fire: a) +1 sling
Press: ? - help, Shift-Dir - straight line, f/p - ufetubus
Aim: an ufetubus (46% to hit)
You shoot a sling bullet.
The sling bullet completely misses the ufetubus.
The ufetubus barely misses you. The ufetubus hits you.
* * * LOW HITPOINT WARNING * * *
The ufetubus barely misses you. The ufetubus closely misses you.
Okay, then.
Fire: a) +1 sling
Press: ? - help, Shift-Dir - straight line, f/p - ufetubus
Aim: an ufetubus (46% to hit)
You shoot a sling bullet.
The sling bullet closely misses the ufetubus.
The ufetubus hits you.
You die...

.##. #.#.#####..## ###.
..#.##.#..........
...##.#...............
#.#.....##...........
####....##.##...........
........#...##..........
.............#.#.....###
#....†5...............
#....@........(.......
#.....................
##.........#..........
##.......#...........
####............>..#
..................
.#................
.##..#.


You could see an ufetubus.

Vanquished Creatures
  A scorpion (D:4)
  2 hounds (D:4)
  Jessica (D:3)
  2 iguanas (D:4)
  4 gnolls
  3 adders
  3 worms
  2 dart slugs (D:2)
  7 orcs (D:3)
  6 endoplasms
  2 giant cockroaches
  5 goblins
  8 hobgoblins
  6 jackals (D:3)
  11 kobolds
  2 quokkas
  5 ball pythons
  4 bats
  2 frilled lizards (D:1)
  6 rats
82 creatures vanquished.

Vanquished Creatures (others)
  A plant (D:4)
  5 withered plants (D:3)
6 creatures vanquished.

Grand Total: 88 creatures vanquished

Notes
Turn   | Place    | Note
-------+----------+-------------------------------------------
     0 | D:1      | Bnni the Formicid Hexslinger began the quest for the Orb.
     0 | D:1      | Reached XP level 1. HP: 15/15 MP: 2/2
    82 | D:1      | Reached XP level 2. HP: 19/21 MP: 3/3
   286 | D:1      | Reached skill level 1 in Fire Magic
   288 | D:1      | Reached skill level 4 in Hexes
   351 | D:1      | Reached XP level 3. HP: 26/26 MP: 5/5
   355 | D:1      | Learned a level 3 spell: Inner Flame
  1150 | D:2      | Reached XP level 4. HP: 32/32 MP: 6/6
  1898 | D:3      | Reached XP level 5. HP: 38/38 MP: 0/7
  2407 | D:3      | Noticed Jessica
  2413 | D:3      | Killed Jessica
  2432 | D:3      | Found a faded altar of an unknown god.
  2805 | D:4      | Reached XP level 6. HP: 41/44 MP: 9/9
  2824 | D:4      | Reached skill level 5 in Hexes
  2876 | D:4      | Learned a level 4 spell: Cause Fear
  2957 | D:4      | HP: 2/46 [ufetubus (2)]
  2958 | D:4      | Slain by an ufetubus

Illustrated notes

Levels and vault maps discovered:
D:1:      saegor_arrival_simple_b, layout_basic, grunt_decor_junction
D:2:      layout_basic, minmay_stone_trees_medium, minmay_pentomino_v2
D:3:      layout_rooms, shapermc_ecumenical_altar_flowoftime, uniq_jessica
D:4:      cheibrodos_old_hovel, layout_rooms, nicolae_ossuary_entry_giza,
          uniq_crazy_yiuf_cottage

Skill      XL: |  1  2  3  4  5  6 |
---------------+-------------------+-----
Fire Magic     | 1 2 3 |  3.0
Hexes          | 4 5 |  5.3
Fighting       | 2 |  2.6
Ranged Weapons | 3 |  3.7
Spellcasting   | 2 |  2.4
Dodging        | |  1.7

Action                   |  1- 3 |  4- 6 || total
-------------------------+-------+-------++-------
 Fire: Sling             |   117 |   205 ||   322
 Cast: Slow              |       |    18 ||    18
       Inner Flame       |       |     6 ||     6
  Use: Potion            |       |     1 ||     1
Armor: Robe              |     4 |    22 ||    26
Dodge: Dodged            |    34 |   122 ||   156

Table legend: (Time is in decaauts)
 A = Elapsed time spent in this place.
 B = Non-inter-level travel time spent in this place.
 C = Inter-level travel time spent in this place.
 D = Time resting spent in this place.
 E = Time spent auto-exploring this place.
 F = Levels seen in this place.
 G = Mean time per level.
                   A        B        C        D        E       F      G
               +--------+--------+--------+--------+--------+-----+--------+
         Total |   3042 |   2927 |    115 |    407 |   1811 |   4 |  760.5 |
       Dungeon |   3042 |   2927 |    115 |    407 |   1811 |   4 |  760.5 |
               +--------+--------+--------+--------+--------+-----+--------+

Top non-repeatable levels by time:
     D:2: 1211 daAuts
     D:3: 943 daAuts
     D:1: 709 daAuts
     D:4: 179 daAuts
